 Dungeon Crawl Stone Soup version 0.31.0-11-ge490571c62 (webtiles) character file.

Game seed: 3666651566916523143

1053 dave1331 the Cleaver (level 8, -4/70 HPs)
             Began as a Hill Orc Fighter on Jan 26, 2024.
             Splashed by a jelly's acid (8 damage)
             ... on level 6 of the Dungeon.
             The game lasted 00:14:45 (4200 turns).

dave1331 the Cleaver (Hill Orc Fighter)             Turns: 4200, Time: 00:14:46

Health: -4/70      AC: -3    Str: 21    XL:     8   Next: 26%
Magic:  8/8        EV: 10    Int:  8    God:
Gold:   215        SH:  4    Dex: 10    Spells: 7/7 levels left

rFire   + . .        s - +4 dagger
rCold   + . .        c - +0 buckler
rNeg    + . .        b - +0 scale mail
rPois   .            (no helmet)
rElec   .            j - scarf {rC+ rF+}
rCorr   .            p - +0 pair of gloves
SInv    +            (no boots)
Will    .....        (no amulet) Stlth
                     k - +4 ring of protection
HPRegen 0.31/turn    h - ring of positive energy
MPRegen 0.11/turn

%: no passive effects
@: corroded
A: see invisible, MP-powered wands
a: no special abilities


You were on level 6 of the Dungeon.
You visited 1 branch of the dungeon, and saw 7 of its levels.

You collected 215 gold pieces.

Inventory:

Hand Weapons
 a - a +0 war axe
 s - a +4 dagger (weapon)
Armour
 b - a +0 scale mail (worn)
 c - a +0 buckler (worn)
 j - a scarf of resistance (worn)
 p - a +0 pair of gloves (worn)
Jewellery
 f - a ring of magical power
 h - a ring of positive energy (right hand)
 k - a +4 ring of protection (left hand)
 n - a ring of positive energy
 o - a ring of protection from fire
 q - a ring of resist corrosion
Scrolls
 g - 2 scrolls of amnesia
 l - a scroll of fear
 m - a scroll of identify
 r - a scroll of vulnerability
Potions
 d - 2 potions of might
 e - a potion of mutation
 i - a potion of enlightenment (quivered) {unknown}


   Skills:
 + Level 5.7 Fighting
 + Level 1.4 Short Blades
 + Level 8.1 Axes
 + Level 5.9 Armour
 + Level 1.3 Dodging
 + Level 0.8 Stealth
 + Level 4.6 Shields
 + Level 0.8 Evocations


You had 7 spell levels left.
You didn't know any spells.
Your spell library contained the following spells:

 Spells                   Type           Power      Damage    Failure   Level
 Foxfire                  Conj/Fire      0%         2x1d4     80%         1
 Sandblast                Erth           0%         2d4       80%         1
 Animate Dead             Necr           0%         N/A       100%        4
 Plasma Beam              Fire/Air       0%         2x1d10    100%        6
 Starburst                Conj/Fire      0%         6d3       100%        6
 Haunt                    Necr/Summ      0%         N/A       100%        7
 Infestation              Necr           0%         N/A       100%        8


Dungeon Overview and Level Annotations

Branches:
Dungeon (7/15)
 Temple: D:4-7

Altars:
Makhleb
Ru

Shops:
D:2 =

Portals:
Sewer: D:4


Innate Abilities, Weirdness & Mutations

You have supernaturally acute eyesight. (SInv)
You expend magic power (3 MP) to strengthen your wands.


Message History

Done exploring.
Done exploring.
There is a large open door here.
There is a burning altar of Makhleb here.
There is a sacrificial altar of Ru here.
There is a large open door here.
Your hearing returns.
There is an escape hatch in the floor here.
There is a stone staircase leading down here.
You climb downwards.
The jelly hits you but does no damage.
There is a stone staircase leading up here.
You hit the jelly. The acid corrodes you!
Your hands burn!
The jelly is moderately wounded.
The jelly hits you but does no damage.
You hit the jelly.
Your hands burn!
The jelly is heavily wounded.
The jelly hits you.
You are splashed with acid!
You hit the jelly.
Your hands burn!
The jelly is severely wounded.
The jelly hits you.
You are splashed with acid!
You hit the jelly. The acid corrodes you!
Your hands burn!
The jelly is severely wounded.
The jelly closely misses you.
You hit the jelly but do no damage.
Your hands burn!
The jelly is severely wounded.
The jelly barely misses you.
You hit the jelly. The acid corrodes you!
Your hands burn!
The jelly is almost dead.
The jelly hits you. The acid corrodes you!
You are splashed with acid!
You hit the jelly but do no damage.
Your hands burn!
The jelly is almost dead.
The jelly hits you.
You are splashed with acid!
* * * LOW HITPOINT WARNING * * *
You hit the jelly but do no damage.
Your hands burn!
* * * LOW HITPOINT WARNING * * *
The jelly is almost dead.
The jelly hits you.
* * * LOW HITPOINT WARNING * * *
The acid corrodes you!
You are splashed with acid!
You die...

#......##.#
#.........#
#......# .
#...>..#.#
#^.#.###.##
#..#.##...#
###......#.#.##
.........J......
####<#..@.#.#.##
#..(......#
##...$.<.....
#.#.########
#.#.# #.#.# #.
##


You could see a jelly.

Vanquished Creatures
  Grinder (D:3)
  An orc warrior (D:5)
  An ogre (D:5)
  A bullfrog (D:7)
  A jelly (D:3)
  2 orc priests (D:5)
  2 iguanas (D:5)
  2 sleepcaps (D:5)
  Natasha (thrice) (D:3)
  6 orc wizards
  4 gnolls (D:5)
  6 adders
  3 dart slugs
  4 ribbon worms
  15 orcs
  2 bats
  7 endoplasms
  2 giant cockroaches
  10 hobgoblins
  2 jackals (D:1)
  5 kobolds
  6 quokkas
  10 ball pythons
  5 frilled lizards
  7 goblins
  7 rats
115 creatures vanquished.

Notes
Turn   | Place    | Note
-------+----------+-------------------------------------------
     0 | D:1      | dave1331 the Hill Orc Fighter began the quest for the Orb.
     0 | D:1      | Reached XP level 1. HP: 19/19 MP: 1/1
   182 | D:1      | Reached XP level 2. HP: 15/27 MP: 2/2
   409 | D:1      | Reached XP level 3. HP: 31/33 MP: 3/3
   448 | D:1      | Reached skill level 3 in Axes
   611 | D:1      | Gained mutation: You expend magic power (3 MP) to
                  | strengthen your wands. [potion of mutation]
   611 | D:1      | Gained mutation: Your spells are a little easier to cast,
                  | but a little less powerful. [potion of mutation]
   611 | D:1      | Gained mutation: You have hidden genetic potential. [potion
                  | of mutation]
   793 | D:2      | Reached skill level 4 in Axes
   856 | D:2      | Reached XP level 4. HP: 40/40 MP: 4/4
  1076 | D:2      | Lost mutation: Your spells are a little easier to cast, but
                  | a little less powerful. [hidden potential]
  1343 | D:2      | Found Olaimed's Jewellery Shop.
  1604 | D:3      | Reached XP level 5. HP: 26/46 MP: 5/5
  1764 | D:3      | Identified the +5 hand axe of the Endless March {flame,
                  | Will++}
  1801 | D:3      | Noticed Grinder
  1806 | D:3      | Killed Grinder
  1807 | D:3      | Reached skill level 6 in Axes
  1807 | D:3      | Reached XP level 6. HP: 53/53 MP: 2/6
  1808 | D:3      | Gained mutation: You have supernaturally acute eyesight.
                  | (SInv) [hidden potential]
  1808 | D:3      | Lost mutation: You have hidden genetic potential. [hidden
                  | potential expressed]
  2017 | D:3      | Found a faded altar of an unknown god.
  2027 | D:3      | Got Plato's Folio of Minerals
  2249 | D:3      | Noticed Natasha
  2263 | D:3      | Killed Natasha
  2273 | D:3      | Noticed Natasha
  2286 | D:3      | Killed Natasha
  2287 | D:3      | Reached skill level 7 in Axes
  2541 | D:3      | Noticed Natasha
  2557 | D:3      | Killed Natasha
  2558 | D:3      | Reached XP level 7. HP: 39/60 MP: 7/7
  2618 | D:4      | Found a glowing drain.
  2659 | D:4      | You fall into a shaft and drop 3 floors!
  2690 | D:5      | Entered Level 5 of the Dungeon
  2762 | D:5      | Reached skill level 5 in Armour
  3057 | D:5      | Reached skill level 5 in Fighting
  3446 | D:5      | Reached skill level 1 in Dodging
  3452 | D:5      | Reached skill level 8 in Axes
  3452 | D:5      | Reached XP level 8. HP: 7/68 MP: 8/8
  3461 | D:5      | Reached skill level 1 in Short Blades
  3461 | D:5      | HP: 3/69 [orc/+0 whip (2)]
  3892 | D:5      | Found a sacrificial altar of Ru.
  3892 | D:5      | Found a burning altar of Makhleb.
  4200 | D:6      | Splashed by a jelly's acid

Illustrated notes

Levels and vault maps discovered:
D:1:      minmay_arrival_stair_chambers, layout_rooms, minivault_19
D:2:      layout_loops_ring, serial_shops, shop, kennysheep_path_1,
          minmay_quadrilaterals
D:3:      layout_loops_ring, shapermc_ecumenical_altar_rom_forum,
          hangedman_feature_mirror, chequers_serial_rivers_micro_e,
          hangedman_decor_growths, uniq_natasha, uniq_grinder
D:4:      layout_loops_corners, mainiacjoe_overflow_swirl, portal_sewer_entry_f
D:5:      dreamdust_elfheim, layout_basic, gammafunk_temple_overflow_wave
D:6:      layout_loops_ring, nicolae_wu_jian_wuxing_cycle
D:7:      layout_loops_corners, minmay_temple_entry_gardened_gates, st_stairs_5,
          minmay_crystal_water

Skill      XL: |  1  2  3  4  5  6  7  8 |
---------------+-------------------------+-----
Axes           | 4 6 7 8 |  8.1
Shields        | 4 |  4.6
Fighting       | 4 5 |  5.7
Armour         | 4 5 |  5.9
Dodging        | 1 |  1.3
Short Blades   | 1 |  1.4
Stealth        | |  0.8
Evocations     | |  0.8

Action                     |  1- 3 |  4- 6 |  7- 9 || total
---------------------------+-------+-------+-------++-------
  Melee: War axe           |    73 |   120 |    71 ||   264
         Dagger            |       |       |   103 ||   103
  Evoke: Wand              |       |     9 |       ||     9
    Use: Potion            |     3 |     5 |     4 ||    12
         Scroll            |     3 |     2 |     2 ||     7
   Stab: Confused          |       |       |     1 ||     1
 Armour: Scale mail        |    54 |    85 |   128 ||   267
  Dodge: Dodged            |    48 |    51 |    65 ||   164
  Block: Buckler           |    26 |    27 |    14 ||    67
